 Dungeon Crawl Stone Soup version 0.18-a0-42-g56b16cb (webtiles) character file.

77383 ReteAZ the Cleaver (level 15, -5/145 HPs)
             Began as a Deep Dwarf Fighter on Nov 5, 2015.
             Was the Champion of Makhleb.
             Slain by a storm dragon (11 damage)
             ... on level 12 of the Dungeon on Nov 6, 2015.
             The game lasted 01:52:46 (19261 turns).

ReteAZ the Cleaver (Deep Dwarf Fighter)            Turns: 19261, Time: 01:52:46

Health: -5/145     AC: 28    Str: 22    XL:     15   Next: 15%
Magic:  22/22      EV: 10    Int: 10    God:    Makhleb [******]
Gold:   1794       SH: 12    Dex: 20    Spells: 1 memorised, 22 levels left

rFire  + . .     SeeInvis .     i - +3 broad axe (flame)
rCold  . . .     Clarity  .     K - +0 plate armour
rNeg   + . .     SustAt   .     c - +0 shield
rPois  .         Gourm    .     q - +2 hat
rElec  .         Spirit   .     T - +2 cloak
rCorr  .         Warding  .     u - +2 pair of gloves
rMut   .         Stasis   .     N - +2 pair of boots
MR     ++...                    (no amulet)
Stlth  ..........               O - +5 ring of dexterity
                                E - ring of protection from fire

@: about to teleport, non-regenerating, very resistant to hostile enchantments,
extremely unstealthy
A: damage resistance, recharge devices, hooves 2, negative energy resistance 1,
sense surroundings 2, slow regeneration 3
a: Device Recharging, Minor Destruction, Lesser Servant of Makhleb, Major
Destruction, Greater Servant of Makhleb, Renounce Religion


You were on level 12 of the Dungeon.
You worshipped Makhleb.
Makhleb was exalted by your worship.
You were not hungry.

You visited 2 branches of the dungeon, and saw 20 of its levels.
You also visited: Sewer and Bailey.

You collected 1794 gold pieces.

Inventory:

Hand Weapons
 i - a +3 broad axe of flaming (weapon)
 J - the +8 scimitar "Demonbane" {slice, rF+}
   (You found it on level 7 of the Dungeon)

   It inflicts extra damage upon your enemies.
   It protects you from fire.
 L - a +1 hand axe of flaming
 P - a +5 hand axe of chopping
Missiles
 a - 62 tomahawks of returning (quivered)
Armour
 c - a +0 shield (worn)
 q - a +2 hat (worn)
 u - a +2 pair of gloves (worn)
 K - a +0 plate armour (worn)
 N - a +2 pair of boots (worn)
 T - a +2 cloak (worn)
Jewellery
 A - a +2 ring of dexterity
 B - an uncursed ring of wizardry
 E - a ring of protection from fire (left hand)
 H - an uncursed ring of see invisible
 I - the amulet "Yfagaaw" {Stasis rN+ Str+5}
   (You found it on level 1 of the Lair of Beasts)

   [amulet of stasis]

   It prevents you from being teleported, slowed, hasted or paralysed.
   It affects your strength (+5).
   It protects you from negative energy.
 O - a +5 ring of dexterity (right hand)
Wands
 e - a wand of heal wounds (0)
 h - a wand of teleportation (2)
 l - a wand of frost (32)
 X - a wand of heal wounds (0)
 Y - a wand of digging (13)
Scrolls
 d - a scroll of recharging
 p - 4 scrolls of identify
 x - 2 scrolls of remove curse
 C - 3 scrolls of teleportation
Potions
 j - 11 potions of curing
 k - a potion of flight
Books
 y - a book of Air

   Spells                             Type                      Level
   a - Shock                          Conjuration/Air              1
   b - Swiftness                      Charms/Air                   2
   c - Repel Missiles                 Charms/Air                   2
   d - Static Discharge               Conjuration/Air              3
   e - Lightning Bolt                 Conjuration/Air              5
 D - a book of Enchantments

   Spells                             Type                      Level
   a - Cause Fear                     Hexes                        4
   b - Silence                        Hexes/Air                    5
   c - Deflect Missiles               Charms/Air                   6
   d - Haste                          Charms                       6
   e - Discord                        Hexes                        8
Comestibles
 b - a chunk of flesh
 f - 7 bread rations
 m - 2 royal jellies
 n - 28 fruits
 w - 3 slices of pizza
 F - 3 beef jerkies
 G - 9 meat rations


   Skills:
 - Level 12.2 Fighting
 - Level 14.1 Axes
 + Level 13.3 Armour
 + Level 7.2 Dodging
 - Level 7.0 Shields
 - Level 5.2 Spellcasting
 - Level 8.0 Charms
 - Level 8.0 Invocations
 - Level 8.0 Evocations


You had 22 spell levels left.
You knew the following spells:

 Your Spells              Type           Power        Failure   Level  Hunger
a - Swiftness             Chrm/Air       ##......     99%         2    ##.....


Dungeon Overview and Level Annotations

Branches:
Dungeon (12/15)            Temple (0/1) D:6            Lair (8/8) D:11
 Shoals (0/4) Lair:5        Snake (0/4) Lair:6        Slime (0/6) Lair:8
    Orc (0/4) D:12

Altars:
Ashenzari
Cheibriados
Fedhas
Gozag
Makhleb
Okawaru
Ru
Sif Muna
Vehumet
Yredelemnul
The Shining One

Shops:
D:11 (

Portals:
Hell: Lair:8

Annotations:
Lair:5 exclusion: oklob plant
Lair:6 exclusion: ice statue


Innate Abilities, Weirdness & Mutations

You are resistant to damage.
You can recharge devices by infusing magical energy.
You resist negative energy.
You passively map the area around you.
You do not regenerate naturally.
You have hoof-like feet.


Message History

Read which item? (? for menu, Esc to quit)
As you read the scroll of fear, it crumbles to dust.
You assume a fearsome visage.
The white ugly thing looks frightened!
The storm dragon resists with almost no effort.
The two-headed ogre looks frightened!
The orc looks frightened!
The orc looks frightened!
The kobold demonologist resists with some effort.
The two-headed ogre begs, "Please don't kill me!"
You block the storm dragon's attack. The storm dragon claws you.
The storm dragon barely misses you.
The two-headed ogre hums to itself desperately, trying to keep calm.
The kobold demonologist gestures wildly while chanting.
You see here a stone.
Evoke which item? (* to show all) (? for menu, Esc to quit)
Zapping:
h - a wand of teleportation (will waste charges)
Press: ? - help, Shift-Dir - straight line, f - you You feel strangely unstable.
Evoking this partially-identified wand wasted a few charges.
The storm dragon bites you!
You die...

#........# #.######. #........#
#.#....#.
.........################.#.##.#.
..........................#<...#.
.#######################).#.#..#.
.# , , , ,...........#.#.#..#. .#
, ,,...........#.#)####. .#,,
.##############....#.#...... .# ,
......Ou.(D@(.(....#.....>## .# ,
....#oK#####....#..#.###### .#
*., #.. , ,##...#..#.# .# * *#..
##..#..#.# .# ,** #.. ,
*##.#..#.# .#, *,, D.., ,#.#..#.#
.# ,.... , ,,,#.#..#.# .# *
*##..* #.#..#.# .# ,#. , *
#.#..#.#


You could see a storm dragon, a white ugly thing (fleeing), a kobold
demonologist, a two-headed ogre (fleeing) and an orc (fleeing).

Vanquished Creatures
  Kirke (D:12)
  A stone giant (D:12)
  A dire elephant (Lair:8)
  10 hydras
  An ice dragon (Lair:6)
  A hell beast (Lair:8)
  A catoblepas (Lair:5)
  A queen ant (Lair:4)
  20 death yaks
  A fire crab (Lair:7)
  A hill giant (D:12)
  2 griffons
  An ugly thing (D:11)
  19 elephants
  A wizard (Lair:8)
  A cyclops (D:11)
  6 black mambas
  A gargoyle (D:11)
  A torpor snail (Lair:3)
  2 orange demons (Lair:8)
  11 spiny frogs
  3 kobold demonologists (D:12)
  7 komodo dragons
  A hellwing (Lair:8)
  2 efreet
  5 fire drakes
  17 blink frogs
  A troll (D:10)
  3 red devils (Lair:8)
  5 polar bears
  A two-headed ogre (D:12)
  A blue devil (Lair:8)
  A trapdoor spider zombie (D:11)
  A trapdoor spider (D:12)
  A deep elf mage (D:10)
  35 yaks
  A spriggan (Lair:2)
  4 hogs (D:12)
  A wraith (D:12)
  9 hippogriffs
  Eustachio (D:4)
  A basilisk (Lair:4)
  A wyvern (D:11)
  A hungry ghost (D:7)
  A steam dragon (Lair:4)
  7 wolves (Lair:2)
  2 nagas (Lair:6)
  26 water moccasins
  3 wargs (D:11)
  A mottled dragon (D:8)
  6 porcupines
  A hell hound (Lair:8)
  5 soldier ants (Lair:4)
  7 orc warriors
  16 ice beasts
  4 black bears
  5 centaurs
  20 crocodiles
  A wasp (D:8)
  9 ogres
  3 big kobolds
  16 giant frogs
  2 gnoll sergeants
  A wyvern zombie (D:11)
  2 wyvern skeletons
  A scorpion (D:9)
  4 killer bees (D:9)
  An electric eel (Lair:5)
  A quasit (D:9)
  3 crimson imps
  4 jellies
  A centaur zombie (D:8)
  7 orc wizards
  3 centaur skeletons
  Crazy Yiuf (D:7)
  5 giant frog skeletons
  5 orc priests
  5 hounds
  32 worker ants
  19 iguanas
  11 sheep (Lair:8)
  The ghost of katie03 the Shield-Bearer, a weakling HaFi (D:3)
  3 hound zombies
  34 gnolls
  10 adders
  60 river rats
  4 shadow imps
  3 white imps (Lair:6)
  2 oozes
  2 adder skeletons (D:4)
  3 worms (D:2)
  49 orcs
  5 bats
  10 goblins
  19 hobgoblins
  11 jackals
  4 quokkas
  5 ball pythons
  8 giant cockroaches
  6 giant geckos
  A giant gecko skeleton (D:8)
  4 giant newts
  22 kobolds
  A quokka skeleton (D:8)
  8 rats
  6 fungi
  2 plants
711 creatures vanquished.

Vanquished Creatures (collateral kills)
  Snorg (Lair:6)
  An orange demon (Lair:8)
  5 elephants (Lair:4)
  A spiny frog (Lair:6)
  A red devil (Lair:8)
  A boulder beetle (Lair:6)
  A yak (Lair:4)
  4 nagas (Lair:6)
  A water moccasin (Lair:8)
  A hell hound (Lair:8)
  2 worker ants (Lair:4)
19 creatures vanquished.

Vanquished Creatures (others)
  A centaur zombie (D:11)
  34 fungi
  22 plants
57 creatures vanquished.

Grand Total: 787 creatures vanquished

Notes
Turn   | Place    | Note
--------------------------------------------------------------
     0 | D:1      | ReteAZ the Deep Dwarf Fighter began the quest for the Orb.
     0 | D:1      | Reached XP level 1. HP: 20/20 MP: 1/1
    79 | D:1      | Found a glowing golden altar of the Shining One.
   167 | D:1      | Reached XP level 2. HP: 22/27 MP: 2/2
   876 | D:2      | Reached XP level 3. HP: 24/33 MP: 3/3
   947 | D:2      | Reached skill level 4 in Axes
  1654 | D:3      | Found a basalt altar of Yredelemnul.
  1659 | D:3      | Found an iron altar of Okawaru.
  1662 | D:3      | Found a blossoming altar of Fedhas.
  1876 | D:3      | Found a glowing drain.
  1910 | D:3      | Reached XP level 4. HP: 30/40 MP: 4/4
  1920 | D:3      | Noticed katie03's ghost (weakling HaFi)
  1926 | Sewer    | Entered a sewer
  1986 | Sewer    | Noticed a big kobold
  1995 | Sewer    | Reached skill level 5 in Axes
  2000 | Sewer    | Killed a big kobold
  2000 | Sewer    | Reached XP level 5. HP: 46/46 MP: 5/5
  2015 | Sewer    | Found a white marble altar of Elyvilon.
  2072 | D:3      | Killed katie03's ghost
  2072 | D:3      | Reached skill level 6 in Axes
  2110 | D:3      | Found a snail-covered altar of Cheibriados.
  2247 | D:3      | Found a faded altar to an unknown god.
  2733 | D:4      | Reached XP level 6. HP: 26/55 MP: 6/6
  2734 | D:4      | Upgraded the game from 0.18-a0-33-g9e10395 to 0.18-a0-42-g56b16cb
  2769 | D:4      | Reached skill level 7 in Axes
  3208 | D:4      | Noticed Eustachio
  3233 | D:4      | Killed Eustachio
  3233 | D:4      | Reached skill level 8 in Axes
  3233 | D:4      | Reached XP level 7. HP: 41/61 MP: 7/7
  3528 | D:5      | Entered Level 5 of the Dungeon
  3556 | D:5      | Reached skill level 9 in Axes
  3946 | D:5      | Reached XP level 8. HP: 56/70 MP: 8/8
  3961 | D:5      | Reached skill level 10 in Axes
  4062 | D:5      | Found a radiant altar of Vehumet.
  4436 | D:6      | Reached skill level 1 in Evocations
  4535 | D:6      | Found a shattered altar of Ashenzari.
  4609 | D:6      | Found a staircase to the Ecumenical Temple.
  4946 | D:6      | Found a sacrificial altar of Ru.
  5081 | D:7      | Reached skill level 11 in Axes
  5089 | D:7      | Got a dazzling scimitar
  5090 | D:7      | Identified the +8 scimitar "Demonbane" {slice, rF+} (You found it on level 7 of the Dungeon)
  5111 | D:7      | Reached skill level 5 in Fighting
  5196 | D:8      | Gained mutation: You passively map the area around you. [Deep Dwarf growth]
  5196 | D:8      | Reached XP level 9. HP: 41/81 MP: 11/11
  5241 | D:7      | Noticed Crazy Yiuf
  5247 | D:7      | Killed Crazy Yiuf
  5320 | D:7      | Found an opulent altar of Gozag.
  5362 | D:7      | Found a burning altar of Makhleb.
  5368 | D:7      | Became a worshipper of Makhleb the Destroyer
  5791 | D:8      | Reached * piety under Makhleb
  5793 | D:8      | Reached skill level 5 in Armour
  5793 | D:8      | Reached skill level 5 in Shields
  5807 | D:8      | Found a deep blue altar of Sif Muna.
  6329 | D:9      | Reached ** piety under Makhleb
  6526 | D:9      | Reached XP level 10. HP: 60/92 MP: 12/12
  7007 | D:10     | Entered Level 10 of the Dungeon
  7263 | D:10     | Found a blossoming altar of Fedhas.
  7265 | D:10     | Noticed a griffon
  7285 | D:10     | Killed a griffon
  7285 | D:10     | Reached *** piety under Makhleb
  7489 | D:10     | Reached skill level 12 in Axes
  7664 | D:10     | Found a blossoming altar of Fedhas.
  7904 | D:11     | Noticed a cyclops
  7917 | D:11     | Killed a cyclops
  8026 | D:11     | Found a staircase to the Lair.
  8321 | D:11     | Found a flagged portal.
  8354 | Bailey   | Entered a bailey
  8369 | Bailey   | Reached **** piety under Makhleb
  8411 | Bailey   | Gained mutation: Your spells are a little harder to cast, but a little more powerful. [potion of beneficial mutation]
  8816 | Bailey   | Lost mutation: Your spells are a little harder to cast, but a little more powerful. [potion of cure mutation]
  8891 | D:11     | Reached skill level 13 in Axes
  8929 | D:11     | Found Vaumy's Antique Weapon Shoppe.
  8971 | D:11     | Reached XP level 11. HP: 49/106 MP: 13/13
  9242 | D:12     | Noticed Kirke
  9288 | D:12     | Noticed a lindwurm
  9425 | D:12     | Noticed an eight-headed hydra
  9474 | D:11     | Reached ***** piety under Makhleb
  9510 | Lair:1   | Entered Level 1 of the Lair of Beasts
  9542 | Lair:1   | Got a flickering lead amulet
  9733 | Lair:1   | Identified the amulet "Yfagaaw" {Stasis rN+ Str+5} (You found it on level 1 of the Lair of Beasts)
 10140 | Lair:2   | Noticed a six-headed hydra
 10524 | Lair:2   | Noticed a seven-headed hydra
 10549 | Lair:2   | Reached skill level 10 in Fighting
 10580 | Lair:2   | Killed a one-headed hydra
 10794 | Lair:2   | Reached skill level 14 in Axes
 11025 | Lair:2   | Reached XP level 12. HP: 117/117 MP: 14/14
 11280 | Lair:1   | Gained mutation: You have large cloven feet. [potion of beneficial mutation]
 11283 | Lair:1   | Gained mutation: You have hoof-like feet. [potion of beneficial mutation]
 11453 | Lair:3   | Noticed an eight-headed hydra
 11474 | Lair:3   | Killed a one-headed hydra
 11474 | Lair:3   | Reached skill level 1 in Invocations
 11549 | Lair:3   | Killed a one-headed hydra
 11736 | Lair:3   | Found a runed door.
 11738 | Lair:3   | Noticed a five-headed hydra
 11746 | Lair:3   | Killed a one-headed hydra
 11972 | Lair:4   | Reached skill level 5 in Evocations
 12576 | Lair:4   | Reached skill level 5 in Invocations
 12622 | Lair:4   | Reached skill level 10 in Armour
 12720 | Lair:4   | Reached ****** piety under Makhleb
 13136 | Lair:4   | Reached XP level 13. HP: 107/127 MP: 18/18
 13436 | Lair:5   | Found a staircase to the Shoals.
 14163 | Lair:5   | Found a frozen archway.
 14809 | Lair:5   | Learned a level 2 spell: Swiftness
 14854 | Lair:6   | Reached skill level 1 in Charms
 15146 | Lair:6   | Found a staircase to the Snake Pit.
 15158 | Lair:6   | Noticed Snorg
 15175 | Lair:6   | Killed Snorg
 15872 | Lair:7   | Reached skill level 5 in Charms
 15895 | Lair:7   | Reached skill level 1 in Spellcasting
 16033 | Lair:7   | Gained mutation: You resist negative energy. [Deep Dwarf growth]
 16033 | Lair:7   | Reached XP level 14. HP: 125/138 MP: 20/20
 16586 | Lair:8   | Entered Level 8 of the Lair of Beasts
 17226 | Lair:8   | Found a staircase to the Slime Pits.
 17265 | Lair:8   | Reached skill level 1 in Dodging
 17347 | Lair:8   | Noticed a balrug
 17764 | Lair:8   | Reached skill level 5 in Spellcasting
 18100 | Lair:8   | Found a burning altar of Makhleb.
 18271 | Lair:8   | Reached skill level 5 in Dodging
 18271 | Lair:8   | Found a gateway to Hell.
 18776 | D:12     | Killed Kirke
 18776 | D:12     | Reached XP level 15. HP: 145/145 MP: 22/22
 18859 | D:12     | Found a staircase to the Orcish Mines.
 19232 | D:12     | Noticed a storm dragon
 19257 | D:12     | HP: 6/145 [storm dragon/bolt of lightning (21)]
 19261 | D:12     | Slain by a storm dragon

Vault maps used:
D:1:      dpeg_arrival_pits, tso_metal_star
D:2:      serial_bayou, serial_bayou_crossing, serial_bayou_pond_d,
          serial_bayou_lake_a, serial_bayou_shore_b, serial_bayou_pond_d,
          first_bread
D:3:      grunt_temple_overflow_diamond, portal_sewer_entry_a,
          ecumenical_altar_2, cheibriados_altar_1
D:4:      uniq_eustachio
D:5:      kennysheep_little_box, hex_large, minmay_misc_feat_tower
D:6:      lemuel_round_altar, nicolae_ru_path_of_blood,
          minmay_temple_entry_butterflies, due_unseen_surprise
D:7:      bloody_makhleb, lemuel_doored_altar, uniq_crazy_yiuf_cottage
D:8:      led_sif_pool
D:10:     hangedman_tree_tricks, fedhas_altar_decomposition
D:11:     erik_lair_orcish_takeover, enter_bailey_3, serial_shops,
          nicolae_shop_crystal, small_statue_intersection
D:12:     minmay_containers, orc_0_dummy, minmay_misc_feat_five, uniq_kirke
Lair:2:   beast_lair_carwin_large_3, grunt_forest_stairs_clearing
Lair:3:   pf_torpor_hydra
Lair:4:   zaba_antful_of_joy, grunt_megastairs_2
Lair:5:   elwin_shoals_entry_rocks, portal_ice_cave_entry_ice_beasts,
          grunt_megastairs_1, serial_bayou_shore_a
Lair:6:   minmay_snake_entry_guardpost_medium, ice2_lemuel, uniq_snorg
Lair:8:   evil_forest, slime_dummy
Sewer:    sewer_kobolds
Bailey:   bailey_axe_2, bailey

Action                   |  1- 3 |  4- 6 |  7- 9 | 10-12 | 13-15 || total
-------------------------+-------+-------+-------+-------+-------++-------
Melee: War axe           |   100 |       |       |       |       ||   100
       Hand axe          |    22 |   136 |   157 |  1053 |  1535 ||  2903
       Scimitar          |       |       |   206 |   104 |    30 ||   340
       Broad axe         |       |       |       |       |   189 ||   189
Throw: Stone             |    22 |     4 |    18 |       |       ||    44
       Tomahawk          |       |       |       |     9 |    10 ||    19
Invok: Lesser Servant of |       |       |       |     4 |    11 ||    15
       Major Destruction |       |       |       |       |     1 ||     1
       Greater Servant o |       |       |       |       |     1 ||     1
Evoke: Wand              |     1 |     3 |     9 |    18 |    11 ||    42
  Use: Scroll            |     5 |       |     2 |    29 |     5 ||    41
       Potion            |       |       |       |     6 |     7 ||    13
 Stab: Distracted        |       |       |       |     2 |     8 ||    10
  Eat: Chunk             |     3 |     3 |    16 |    19 |    22 ||    63
       Beef jerky        |       |     1 |       |     2 |     1 ||     4
       Fruit             |       |       |       |       |     1 ||     1
